 Dungeon Crawl Stone Soup version 0.31-a0-339-gda1cbd555d (webtiles) character file.

Game seed: 1540444900425732266

471 bmack86 the Chopper (level 7, -10/60 HPs)
             Began as a Meteoran Fighter on July 20, 2023.
             Killed by divine providence
             ... invoked by an orc priest
              (16 damage)
             ... on level 4 of the Dungeon.
             The game lasted 00:11:51 (2179 turns).

bmack86 the Chopper (Meteoran Fighter)              Turns: 2179, Time: 00:11:52

Health: -10/60     AC: 14    Str: 20    XL:     7   Next: 57%
Magic:  8/8        EV:  7    Int: 10    God:
Gold:   150        SH:  5    Dex: 13    Spells: 6/6 levels left

rFire   . . .        a - +0 war axe
rCold   . . .        c - +0 buckler
rNeg    . . .        l - +2 chain mail {rPois}
rPois   +            k - +0 helmet
rElec   .            (no cloak)
rCorr   .            (no gloves)
SInv    .            q - +0 pair of boots
Will    .....        (no amulet) Stlth
                     (no ring)
HPRegen 0.30/turn    (no ring)
MPRegen 0.11/turn

%: no passive effects
@: glowing
A: sense surroundings 1, otherworldly, glowing, explore regen
a: no special abilities


You were on level 4 of the Dungeon.
You visited 1 branch of the dungeon, and saw 4 of its levels.
You also visited: Sewer.

You collected 150 gold pieces.

Inventory:

Hand Weapons
 a - a +0 war axe (weapon)
Missiles
 n - 2 poisoned darts
Armour
 b - a +0 scale mail
 c - a +0 buckler (worn)
 k - a +0 helmet (worn)
 l - a +2 chain mail of poison resistance (worn)
 q - a +0 pair of boots (worn)
Talismans
 d - a maw talisman
Scrolls
 e - a scroll of immolation {unknown}
 h - a scroll of enchant armour {unknown}
 o - a scroll of identify {unknown}
 p - a scroll of brand weapon {unknown}
Potions
 f - a potion of heal wounds {unknown}
 g - a potion of degeneration {unknown}
 i - a potion of lignification {unknown}
 j - a potion of invisibility {unknown}
 m - 2 potions of enlightenment {unknown}


   Skills:
 + Level 4.8 Fighting
 * Level 5.8 Axes
 + Level 5.3 Armour
 + Level 5.2 Shields


You had 6 spell levels left.
You didn't know any spells.
Your spell library contained the following spells:

 Spells                   Type           Power      Damage    Failure   Level
 Foxfire                  Conj/Fire      0%         2x1d4     97%         1
 Kiss of Death            Conj/Necr      0%         2d5       97%         1
 Confusing Touch          Hex            0%         N/A       100%        3
 Vhi's Electric Charge    Tloc/Air       0%         N/A       100%        3
 Dispel Undead            Necr           0%         3d6       100%        4
 Arcjolt                  Conj/Air       0%         1d10      100%        5
 Plasma Beam              Fire/Air       0%         2x1d10    100%        6
 Starburst                Conj/Fire      0%         6d3       100%        6


Dungeon Overview and Level Annotations

Branches:
Dungeon (4/15) Zot: 254     Sewer (visited)
 Temple: D:4-7

Altars:
Uskayaw

Shops:
D:4 [


Innate Abilities, Weirdness & Mutations

You passively map a small area around you.
You are easily found by Zot.
You glow in the dark.
You regain HP and MP as you explore.


Message History

You barely miss the orc priest.
You hit the orc wizard but do no damage.
The orc priest hits you with a +0 club.
The orc wizard points at you and mumbles some strange words.
The puff of flame hits you.
* * * LOW HITPOINT WARNING * * *
Unknown command.
You barely miss the orc priest. You miss the orc wizard.
The orc priest invokes the aid of Beogh against you.
Pain shoots through your body!
* * * LOW HITPOINT WARNING * * *
The orc wizard gestures wildly while chanting.
The orc wizard flickers and vanishes!
Deactivating autopickup; reactivate with Ctrl-A.
Unknown command.
You hit the orc priest.
The orc priest is moderately wounded.
You miss something. You block the orc priest's attack.
You hear some strange, mumbled words.
Something tries to affect you, but you resist.
Unknown command.
You slash the orc priest!
You kill the orc priest!
You hit something but do no damage.
Something hits you but does no damage. x2
Unknown command.
You miss something. Something hits you but does no damage.
You slash something!
Reactivating autopickup.
You feel a bit more experienced.
You slash the hobgoblin!
You kill the hobgoblin!
The orc hits you but does no damage.
You closely miss the orc. The orc hits you with a +0 hand axe.
* * * LOW HITPOINT WARNING * * *
You barely miss the orc. You slash the orc!
You kill the orc!
The orc priest mumbles some strange prayers to Beogh against you.
Beogh smites you!
You die...

###############
#>[............
#####.######.#####
#@)..)†....#.#
#)###......... *
#o# ######.#.## *,
,,.o. #.#.# .....
* #,#.# * ,......#
,#.# ,.......# ,
........# *
#........# ,


You could see an orc priest and an orc.

Vanquished Creatures
  Pargi (Sewer)
  A black bear (D:4)
  A hound (D:4)
  An orc priest (D:4)
  Jessica (D:2)
  An iguana (D:4)
  An orc wizard (D:4)
  3 river rats (D:3)
  6 adders
  An ufetubus (D:3)
  2 worms
  A dart slug (D:3)
  2 orcs (D:4)
  2 endoplasms
  5 giant cockroaches
  6 goblins
  3 hobgoblins
  A jackal (D:3)
  6 quokkas
  5 ball pythons
  5 bats
  A frilled lizard (D:2)
  13 kobolds
  6 rats
75 creatures vanquished.

Notes
Turn   | Place    | Note
-------+----------+-------------------------------------------
     0 | D:1      | bmack86 the Meteoran Fighter began the quest for the Orb.
     0 | D:1      | Reached XP level 1. HP: 19/19 MP: 2/2
   114 | D:1      | Reached XP level 2. HP: 26/26 MP: 3/3
   446 | D:1      | Reached XP level 3. HP: 31/31 MP: 4/4
   496 | D:2      | Found a faded altar of an unknown god.
   606 | D:2      | Noticed Jessica
   614 | D:2      | Killed Jessica
   615 | D:2      | Reached XP level 4. HP: 40/40 MP: 5/5
  1040 | D:3      | Reached XP level 5. HP: 46/46 MP: 6/6
  1222 | D:3      | Found a glowing drain.
  1228 | Sewer    | Entered a sewer
  1304 | Sewer    | Noticed Pargi
  1311 | Sewer    | Killed Pargi
  1312 | Sewer    | Reached XP level 6. HP: 39/52 MP: 7/7
  1656 | D:3      | Reached skill level 5 in Axes
  1749 | D:3      | Glimpsed the power of Zot.
  1799 | D:3      | Glimpsed the power of Zot.
  1815 | D:4      | Found a hide-covered altar of Uskayaw.
  2034 | D:4      | Found Ypsucial's Antique Armour Boutique.
  2058 | D:4      | Noticed a black bear
  2064 | D:4      | Killed a black bear
  2065 | D:4      | Reached skill level 5 in Armour
  2065 | D:4      | Reached skill level 5 in Shields
  2065 | D:4      | Reached XP level 7. HP: 60/60 MP: 8/8
  2179 | D:4      | Killed from afar by an orc priest

Illustrated notes

Levels and vault maps discovered:
D:1:      dpeg_arrival_castle, layout_basic, roderic_malta_cross
D:2:      layout_basic, shapermc_ecumenical_altar_pompeii, uniq_jessica
D:3:      layout_loops_ring, lightli_sewer_entry_pipes, st_stairs_12
D:4:      layout_basic, mainiacjoe_overflow_cross_hatched, serial_shops,
          shop_statue

Skill      XL: |  1  2  3  4  5  6 |
---------------+-------------------+-----
Axes           | 3 4 5 |  5.8
Armour         | 4 5 |  5.3
Shields        | 4 5 |  5.2
Fighting       | 4 |  4.8

Action                     |  1- 3 |  4- 6 |  7- 9 || total
---------------------------+-------+-------+-------++-------
  Melee: War axe           |    64 |   130 |    28 ||   222
    Use: Scroll            |       |     2 |       ||     2
         Potion            |       |     1 |       ||     1
 Armour: Scale mail        |    51 |    12 |       ||    63
         Chain mail        |       |    94 |    16 ||   110
  Dodge: Dodged            |    28 |    43 |     7 ||    78
  Block: Buckler           |    22 |    31 |     7 ||    60

Table legend: (Time is in decaauts)
 A = Elapsed time spent in this place.
 B = Non-inter-level travel time spent in this place.
 C = Inter-level travel time spent in this place.
 D = Time resting spent in this place.
 E = Time spent auto-exploring this place.
 F = Levels seen in this place.
 G = Mean time per level.
                   A        B        C        D        E       F      G
               +--------+--------+--------+--------+--------+-----+--------+
         Total |   2310 |   2310 |      0 |      0 |      0 |   5 |  462.0 |
       Dungeon |   2144 |   2144 |      0 |      0 |      0 |   4 |  536.0 |
         Sewer |    166 |    166 |      0 |      0 |      0 |   1 |  166.0 |
               +--------+--------+--------+--------+--------+-----+--------+

Top non-repeatable levels by time:
     D:3: 702 daAuts
     D:2: 563 daAuts
     D:1: 498 daAuts
     D:4: 380 daAuts
   Sewer: 166 daAuts
